 Dungeon Crawl Stone Soup version 0.23-a0-586-gacb4b3f (webtiles) character file.

1613 galech the Chopper (level 8, -1/62 HPs)
             Began as a Demonspawn Fighter on Dec 19, 2018.
             Was an Initiate of Okawaru.
             Killed by divine providence
             ... invoked by an orc priest
              (9 damage)
             ... on level 7 of the Dungeon.
             The game lasted 00:08:56 (5405 turns).

galech the Chopper (Demonspawn Fighter)             Turns: 5405, Time: 00:08:56

Health: -1/62      AC: 16    Str: 17    XL:     8   Next: 64%
Magic:  8/8        EV:  6    Int:  9    God:    Okawaru [......]
Gold:   348        SH: 10    Dex: 15    Spells: 7/7 levels left

rFire    + . .     SeeInvis .   u - +4 hand axe (distort)
rCold    . . .     Gourm    .   c - +0 shield
rNeg     . . .     Faith    +   j - +0 plate armour
rPois    .         Spirit   .   (helmet restricted)
rElec    .         Reflect  .   n - +0 cloak
rCorr    .         Harm     .   (no gloves)
MR       .....                  t - +2 pair of boots
Stlth    ..........             m - amulet of faith
HPRegen  0.20/turn              D - +2 ring of evasion
MPRegen  0.11/turn              s - ring of protection from fire

@: no status effects
A: antennae 2, nightstalker 1, rot immunity
a: Renounce Religion


You were on level 7 of the Dungeon.
You worshipped Okawaru.
Okawaru was noncommittal.
You were not hungry.

You visited 2 branches of the dungeon, and saw 8 of its levels.
You also visited: Sewer.

You collected 348 gold pieces.

Inventory:

Hand Weapons
 a - a +0 war axe
 u - a +4 hand axe of distortion (weapon)
Armour
 c - a +0 shield (worn)
 j - a +0 plate armour (worn)
 n - a +0 cloak (worn)
 t - a +2 pair of boots (worn)
Jewellery
 h - an uncursed ring of ice
 m - an amulet of faith (around neck)
 s - a ring of protection from fire (right hand)
 D - a +2 ring of evasion (left hand)
Wands
 E - a wand of disintegration (10)
Scrolls
 e - 2 scrolls of remove curse
 l - 2 scrolls of identify
 o - 2 scrolls of blinking
 p - 7 scrolls of teleportation
 v - a scroll of immolation {unknown}
 y - 2 scrolls of random uselessness {unknown}
 z - 3 scrolls of fear {unknown}
Potions
 d - 2 potions of might
 g - 3 potions of flight {unknown}
 i - 4 potions of degeneration {unknown}
 k - 3 potions of curing
 q - a potion of invisibility {unknown}
 r - a potion of cancellation {unknown}
 w - 2 potions of berserk rage {unknown}
 x - a potion of magic {unknown}
 A - a potion of agility {unknown}
 B - a potion of mutation {unknown}
 C - 2 potions of heal wounds {unknown}
Comestibles
 f - 16 rations


   Skills:
 + Level 5.1 Fighting
 + Level 7.0 Axes
 + Level 4.4 Armour
 + Level 2.1 Dodging
 + Level 1.1 Stealth
 + Level 5.1 Shields


You had 7 spell levels left.
You didn't know any spells.
Your spell library was empty.

Dungeon Overview and Level Annotations

Branches:
Dungeon (7/15)             Temple (1/1) D:6

Altars:
Ashenzari
Cheibriados
Dithmenos
Elyvilon
Fedhas
Gozag
Nemelex Xobeh
Okawaru
Qazlal
Sif Muna
Uskayaw
Vehumet
Wu Jian
Xom
Yredelemnul
Zin
The Shining One

Annotations:
D:4 Robin
D:5 3 runed doors, Ontamu's ghost, novice DEFE
D:7 1 transporter
Abyss:1 Dowan


Innate Abilities, Weirdness & Mutations

You have a pair of antennae on your head.
You are slightly more attuned to the shadows.
You are immune to rotting.


Message History

The wight hits you with a +4 short sword.
You hit the two-headed ogre but do no damage.
The two-headed ogre looks slightly unstable.
The two-headed ogre is heavily wounded.
You hit the wight but do no damage.
Space bends around the wight.
You block the wight's attack.
The two-headed ogre hits you with a +0 giant spiked club!
The two-headed ogre hits you but does no damage.
You are too injured to fight recklessly!
The two-headed ogre disappears!
You block the two-headed ogre's attack.
The two-headed ogre hits you with a +0 giant spiked club!!
* * * LOW HITPOINT WARNING * * *
A wight comes into view. It is wielding a +1 hand axe.
You block the wight's attack. You block the wight's attack.
The orc priest hits you but does no damage.
The orc priest calls down the wrath of Beogh upon you.
Beogh smites you!
You die...

......#.#..##...
.......#.#......##
..........#....#...
.........)#........
...................
..........#.o......
..........#.z..####
.........###..##
##...@o.# #{.###...
.#.#...#.# #.......#
......z#####zo.....#
..###..####....##..#
...##.O#.{{....###.#
.©......{.##......
######..#..#......
_$_o8##.#..##....#.
($$[5e#.#...)....#


You could see a two-headed ogre, a wight and an orc priest.

Vanquished Creatures
  Duvessa (D:5)
  Purgy (Sewer)
  A phantom (D:6)
  3 centaurs
  2 ogres
  A big kobold (D:4)
  A howler monkey (D:5)
  A crimson imp (D:5)
  A jelly (D:6)
  4 orc priests (D:4)
  A hound (D:4)
  Crazy Yiuf (D:2)
  Terence (D:3)
  6 orc wizards
  2 worker ants
  A hound skeleton (D:4)
  7 adders
  A shadow imp (D:5)
  An ooze (D:1)
  An adder skeleton (D:4)
  An adder zombie (D:6)
  2 worms
  3 dart slugs
  22 orcs
  5 giant cockroaches
  13 goblins
  10 hobgoblins
  9 jackals
  2 quokkas
  A ball python zombie (D:5)
  7 bats
  8 frilled lizards
  15 kobolds
  14 rats
150 creatures vanquished.

Vanquished Creatures (others)
  An orc priest (D:7)
  An orc wizard (D:4)
  2 adders
  A dart slug (D:3)
  2 orcs
  A jackal (D:3)
  3 fungi (D:5)
  A plant (D:5)
12 creatures vanquished.

Grand Total: 162 creatures vanquished

Notes
Turn   | Place    | Note
-------+----------+-------------------------------------------
     0 | D:1      | galech the Demonspawn Fighter began the quest for the Orb.
     0 | D:1      | Reached XP level 1. HP: 18/18 MP: 1/1
    40 | D:1      | Reached skill level 2 in Axes
    40 | D:1      | Gained mutation: You have a pair of small antennae on your
                  | head. [demonic ancestry]
    40 | D:1      | Reached XP level 2. HP: 7/24 MP: 2/2
   606 | D:1      | Reached XP level 3. HP: 29/29 MP: 3/3
   973 | D:2      | Found a shadowy altar of Dithmenos.
  1413 | D:2      | Found a runed door.
  1417 | D:2      | Noticed Crazy Yiuf
  1421 | D:2      | Killed Crazy Yiuf
  1421 | D:2      | Gained mutation: You have a pair of antennae on your head.
                  | [demonic ancestry]
  1421 | D:2      | Reached XP level 4. HP: 35/35 MP: 4/4
  1590 | D:3      | Found a radiant altar of Vehumet.
  1625 | D:3      | Found a blossoming altar of Fedhas.
  1846 | D:3      | Reached skill level 3 in Axes
  1992 | D:3      | Gained mutation: You are immune to rotting. [demonic
                  | ancestry]
  1992 | D:3      | Reached XP level 5. HP: 41/41 MP: 5/5
  2166 | D:3      | Noticed Terence
  2178 | D:3      | Killed Terence
  2548 | D:3      | Reached skill level 1 in Dodging
  2604 | D:4      | Noticed an ogre
  2635 | D:4      | Reached XP level 6. HP: 48/48 MP: 6/6
  2635 | D:4      | Reached skill level 4 in Axes
  2834 | D:4      | Reached XP level 7. HP: 54/54 MP: 7/7
  2869 | D:4      | Reached skill level 5 in Axes
  2889 | D:4      | Noticed Robin
  3044 | D:4      | Found a shadowy altar of Dithmenos.
  3058 | D:4      | Found a glowing drain.
  3070 | Sewer    | Entered a sewer
  3073 | Sewer    | Noticed Purgy
  3078 | Sewer    | Killed Purgy
  3737 | D:5      | Entered Level 5 of the Dungeon
  3828 | D:5      | Gained mutation: You are slightly more attuned to the
                  | shadows. [demonic ancestry]
  3828 | D:5      | Reached XP level 8. HP: 61/61 MP: 8/8
  3929 | D:5      | Found a stormy altar of Qazlal.
  3944 | D:5      | Found a runed gate.
  3944 | D:5      | Found a runed gate.
  3944 | D:5      | Found a runed gate.
  3979 | D:5      | Reached skill level 6 in Axes
  4018 | D:5      | Found an opulent altar of Gozag.
  4030 | D:5      | Noticed Duvessa
  4033 | D:5      | Identified the +4 robe of Happy Babbling {rF+ Int+4}
  4033 | D:5      | Noticed Dowan
  4044 | D:5      | Banished Dowan
  4070 | D:5      | Noticed Ontamu's ghost (novice DEFE)
  4142 | D:5      | Found a sparkling altar of Nemelex Xobeh.
  4341 | D:5      | Killed Duvessa
  4697 | D:6      | Found a staircase to the Ecumenical Temple.
  4716 | Temple   | Entered the Ecumenical Temple
  4783 | Temple   | Became a worshipper of Warmaster Okawaru
  4955 | D:6      | Found a glowing golden altar of the Shining One.
  5164 | D:6      | Reached skill level 1 in Stealth
  5164 | D:6      | Reached skill level 5 in Shields
  5234 | D:6      | Reached skill level 5 in Fighting
  5351 | D:7      | Found a snail-covered altar of Cheibriados.
  5352 | D:7      | Found a white marble altar of Elyvilon.
  5352 | D:7      | Noticed a deep elf mage
  5354 | D:7      | Found a transporter.
  5357 | D:7      | Noticed a two-headed ogre
  5373 | D:7      | Reached skill level 7 in Axes
  5405 | D:7      | Killed from afar by an orc priest

Vault maps used:
D:1:      dpeg_arrival_tiny_c
D:2:      lemuel_crystal_altar, uniq_crazy_yiuf_cottage
D:3:      fedhas_altar_1, fiery_altar_vehumet, first_ration, uniq_terence
D:4:      portal_sewer_entry_b, grunt_dithmenos_smoke_and_mirrors, uniq_robin
D:5:      grunt_qazlal_clouds, lemuel_doored_altar,
          gammafunk_ghost_nasty_kobolds, nemelex_xobeh_ov_fountains_minmay,
          uniq_duvessa
D:6:      wad_lake_hut, kennysheep_little_box, temple_statues
D:7:      gammafunk_temple_overflow_arena, lightli_temple_of_fire,
          serial_column_ruins, column_ruins_square_medium, column_ruins_hut,
          column_ruins_corridor_straight, column_ruins_open_small,
          column_ruins_grid_1, column_ruins_columns_straight,
          column_ruins_open_large, column_ruins_open_small_water
Temple:   jpeg_temple_island
Sewer:    kennysheep_door_sewer

Skill      XL: |  1  2  3  4  5  6  7  8 |
---------------+-------------------------+-----
Axes           | 2 3 4 5 7 |  7.0
Shields        | 3 4 5 |  5.1
Armour         | 3 4 |  4.4
Dodging        | 1 2 |  2.1
Fighting       | 4 5 |  5.1
Stealth        | 1 |  1.1

Action                   |  1- 3 |  4- 6 |  7- 9 || total
-------------------------+-------+-------+-------++-------
Melee: War axe           |   125 |    35 |       ||   160
       Hand axe          |       |    83 |   158 ||   241
  Use: Scroll            |       |     5 |       ||     5
 Stab: Sleeping          |       |       |     1 ||     1
  Eat: Chunk             |     1 |     6 |     6 ||    13
       Ration            |       |       |     1 ||     1
Armor: Scale mail        |    70 |    56 |    36 ||   162
       Plate armour      |       |       |    31 ||    31
Dodge: Dodged            |    28 |    17 |    34 ||    79
Block: Shield            |    75 |    57 |    55 ||   187

Table legend:
 A = Non-vault XP
 B = Vault XP
 C = Vault XP percentage of total XP
 D = Non-vault monster count
 E = Vault monster count
 F = Vault count percentage of total count
                 A         B        C        D         E       F
            +---------+---------+-------+---------+---------+-------
      Total |    1850 |     455 |  19.7 |     131 |      26 |  16.6
            +---------+---------+-------+---------+---------+-------
        D:1 |      42 |       0 |   0.0 |      22 |       0 |   0.0
        D:2 |      54 |      40 |  42.6 |      16 |       1 |   5.9
        D:3 |     173 |      36 |  17.2 |      39 |       1 |   2.5
        D:4 |     667 |      26 |   3.8 |      33 |      16 |  32.7
        D:5 |     373 |     195 |  34.3 |       8 |       2 |  20.0
        D:6 |     306 |       0 |   0.0 |       6 |       0 |   0.0
        D:7 |     235 |       0 |   0.0 |       7 |       0 |   0.0
      Sewer |       0 |     158 | 100.0 |       0 |       6 | 100.0
            +---------+---------+-------+---------+---------+-------
